 Dungeon Crawl Stone Soup version 0.21.1-1-g345015f (webtiles) character file.

135422 tidbits the Thaumaturge (level 16, -1/124 HPs)
             Began as a Gnoll Ice Elementalist on Apr 2, 2018.
             Was an Elder of Cheibriados.
             Shot with an arrow by a naga sharpshooter (8 damage)
             ... on level 4 of the Snake Pit.
             The game lasted 02:00:55 (7212 turns).

tidbits the Thaumaturge (Gnoll Ice Elementalist)    Turns: 7212, Time: 02:00:55

Health: -1/124     AC: 28    Str: 20    XL:     16   Next: 87%
Magic:  24/40      EV: 24    Int: 33    God:    Cheibriados [****..]
Gold:   456        SH: 11    Dex: 28    Spells: 19/38 levels left

rFire    . . .     SeeInvis .   b - +1 broad axe (flame)
rCold    . . .     Gourm    .   D - +2 buckler
rNeg     + . .     Faith    .   B - +2 troll leather armour {Snorg}
rPois    +         Spirit   .   E - +2 helmet
rElec    .         Reflect  .   (no cloak)
rCorr    .         Harm     .   G - +1 pair of gloves of Death's Door {MP+9}
MR       +....                  F - +2 pair of boots
Stlth    +++++.....             i - amulet of magic regeneration
HPRegen  0.70/turn              p - ring of Ujaakul {rPois rN+}
MPRegen  0.52/turn              Y - +3 ring of slaying

@: icy armour, very slightly contaminated, very slow
A: distributed training, fangs 1, strong nose
}: 1/15 runes: decaying
a: Bend Time, Temporal Distortion, Slouch, Renounce Religion


You were on level 4 of the Snake Pit.
You worshipped Cheibriados.
Cheibriados was greatly pleased with you.
You were not hungry.

You visited 6 branches of the dungeon, and saw 29 of its levels.
You also visited: Ice Cave and Volcano.

You collected 3125 gold pieces.
You spent 2669 gold pieces at shops.

Inventory:

Hand Weapons
 a - the +8 dagger "Amumoem" {pierce, rElec MP+9}
   (You found it on level 4 of the Dungeon)

   It inflicts extra damage upon your enemies.
   It insulates you from electricity.
   It affects your magic capacity (+9).
 b - a +1 broad axe of flaming (weapon)
   (You found it in a volcano)
 g - a +0 blowgun
Missiles
 m - 2 throwing nets (quivered) {!f}
 v - 8 curare-tipped needles
 O - 9 tomahawks
Armour
 x - the +2 robe "Kibeobb" {rC+ MR+ rCorr Int-4, unknown}
   (You found it on level 1 of the Lair of Beasts)

   It affects your intelligence (-4).
   It protects you from cold.
   It affects your resistance to hostile enchantments.
   It protects you from acid and corrosion.
 y - a +2 robe of cold resistance
   (You took it off an ogre mage on level 1 of the Orcish Mines)
 B - a +2 troll leather armour (worn) {Snorg}
 D - a +2 buckler (worn)
 E - a +2 helmet (worn)
 F - a +2 pair of boots (worn)
 G - the +1 pair of gloves of Death's Door (worn) {MP+9}
   (You found it in an ice cave)

   It affects your magic capacity (+9).
Jewellery
 h - an uncursed ring of fire
   (You took it off an orc wizard on level 11 of the Dungeon)
 i - an amulet of magic regeneration (around neck)
   (You bought it in a shop on level 2 of the Snake Pit)
 k - an uncursed ring of see invisible
   (You found it on level 1 of the Orcish Mines)
 p - the ring of Ujaakul (left hand) {rPois rN+}
   (You bought it in a shop on level 2 of the Snake Pit)

   [ring of positive energy]

   It protects you from poison.
   It protects you from negative energy.
 H - an uncursed ring of protection from magic
   (You found it on level 2 of the Lair of Beasts)
 Q - the amulet of Reitiur {Harm *Drain Slay+5}
   (You found it on level 5 of the Lair of Beasts)

   [amulet of harm]

   It increases damage dealt and taken.
   It affects your accuracy and damage with ranged weapons and melee attacks
   (+5).
   It causes draining when unequipped.
 W - an uncursed ring of wizardry
   (You took it off a naga ritualist on level 4 of the Snake Pit)
 Y - a +3 ring of slaying (right hand)
   (You found it in a volcano)
Wands
 e - a wand of flame (32)
 t - a wand of acid (1)
 C - a wand of iceblast (4)
 R - a wand of clouds (3)
Scrolls
 f - 2 scrolls of amnesia {unknown}
 j - a scroll of noise {unknown}
 l - a scroll of immolation
 n - a scroll of random uselessness {unknown}
 q - 2 scrolls of teleportation
 r - 4 scrolls of remove curse
 u - a scroll of fog
 w - 2 scrolls of fear
 J - a scroll of magic mapping
 N - 2 scrolls of brand weapon
 T - 2 scrolls of enchant weapon {unknown}
Potions
 d - a potion of magic
 o - 3 potions of brilliance
 I - a potion of might
 K - 4 potions of curing
 L - 3 potions of resistance
 P - a potion of agility
 Z - 3 potions of lignification
Books
 s - a book of Summonings
   (You found it on level 6 of the Lair of Beasts)

   Spells                             Type                      Level
   a - Recall                         Summoning/Translocation      3
   b - Aura of Abjuration             Summoning                    5
   c - Summon Demon                   Summoning                    5
   d - Summon Forest                  Summoning/Translocation      5
   e - Summon Mana Viper              Hexes/Summoning              5
   f - Shadow Creatures               Summoning                    6
 U - a book of Unlife
   (You bought it in a shop on level 2 of the Orcish Mines)

   Spells                             Type                      Level
   a - Recall                         Summoning/Translocation      3
   b - Animate Dead                   Necromancy                   4
   c - Borgnjor's Vile Clutch         Necromancy/Earth             5
   d - Death Channel                  Necromancy                   6
   e - Simulacrum                     Ice/Necromancy               6
Miscellaneous
 S - a fan of gales
 X - a lightning rod (4/4)
Comestibles
 c - 27 rations


   Skills:
 + Level 10.9 Fighting
 + Level 10.9 Short Blades
 + Level 10.9 Long Blades
 + Level 10.9 Axes
 + Level 10.9 Maces & Flails
 + Level 10.9 Polearms
 + Level 10.9 Staves
 + Level 10.9 Slings
 + Level 10.9 Bows
 + Level 10.9 Crossbows
 + Level 10.9 Throwing
 + Level 10.9 Armour
 + Level 11.7 Dodging
 + Level 11.6 Stealth
 + Level 10.9 Shields
 + Level 10.9 Unarmed Combat
 + Level 11.9 Spellcasting
 + Level 9.5 Conjurations
 + Level 9.3 Hexes
 + Level 9.3 Charms
 + Level 9.3 Summonings
 + Level 9.3 Necromancy
 + Level 9.3 Translocations
 + Level 9.3 Transmutations
 + Level 9.3 Fire Magic
 + Level 10.7 Ice Magic
 + Level 9.3 Air Magic
 + Level 9.3 Earth Magic
 + Level 9.3 Poison Magic
 + Level 11.8 Invocations
 + Level 10.9 Evocations


You had 19 spell levels left.
You knew the following spells:

 Your Spells              Type           Power        Failure   Level  Hunger
a - Freeze                Ice            ####         1%          1    None
j - Throw Frost           Conj/Ice       ######       1%          2    None
o - Ozocubu's Armour      Chrm/Ice       ######..     1%          3    None
v - Borgnjor's Vile Clut  Necr/Erth      ######....   1%          5    #......
x - Summon Ice Beast      Ice/Summ       ######..     1%          4    None
N - Animate Dead          Necr           N/A          1%          4    None


Dungeon Overview and Level Annotations

Branches:
Dungeon (12/15)            Temple (1/1) D:5            Lair (6/6) D:11
  Swamp (4/4) Lair:2        Snake (4/4) Lair:2          Orc (2/2) D:11
    Elf (0/3) Orc:2
  Slime: Lair:5-6

Altars:
Ashenzari
Cheibriados
Dithmenos
Elyvilon
Fedhas
Gozag
Hepliaklqana
Kikubaaqudgha
Makhleb
Nemelex Xobeh
Okawaru
Qazlal
Ru
Sif Muna
Trog
Uskayaw
Vehumet
Wu Jian
Xom
Yredelemnul
Zin
The Shining One
Beogh

Shops:
Orc:2 :**=   Snake:2 [%=*

Annotations:
Snake:4 Vashnia


Innate Abilities, Weirdness & Mutations

Your experience applies equally to all skills.
You have very sharp teeth.
Your uncanny sense of smell can sniff out nearby items.


Message History

* * * LOW HITPOINT WARNING * * *
You block the naga's attack. The naga completely misses you.
The naga mage completely misses you. The naga hits you but does no damage.
The naga closely misses you.
The naga hits your anaconda zombie but does no damage.
The naga grabs your anaconda zombie.
The naga constricts your anaconda zombie.
You block the guardian serpent's attack.
The naga sharpshooter shoots an arrow.
The arrow completely misses you.
The naga warrior blocks the arrow.
The guardian serpent barely misses you.
The naga warrior hits you with a long sword!!
* * * LOW HITPOINT WARNING * * *
You block the naga warrior's attack.
Unknown command.
Casting: Animate Dead
Confirm with . or Enter, or press ? or * to list all spells.
Aiming: Borgnjor's Vile Clutch
Press: ? - help, Dir - move target cursor, f - you You miscast Borgnjor's Vile Clutch.
You are very lightly contaminated with residual magic.
Strange energies run through your body. You block the naga mage's attack.
The guardian serpent misses you.
The naga sharpshooter shoots an arrow.
You block the arrow.
You block the guardian serpent's attack.
Your anaconda zombie barely misses the naga.
Your anaconda zombie bites the naga!
The naga misses you. x2
The naga closely misses you. The naga completely misses you.
The naga completely misses your anaconda zombie.
The naga constricts your anaconda zombie.
The naga sharpshooter shoots an arrow.
The arrow hits you but does no damage. The naga mage completely misses you.
The guardian serpent misses you.
A naga comes into view. It is wielding a trident.
Casting: Borgnjor's Vile Clutch
Confirm with . or Enter, or press ? or * to list all spells.
Aiming: Borgnjor's Vile Clutch
Press: ? - help, Dir - move target cursor, f - you Decaying hands burst forth from the earth!
Zombie hands grab the naga.
Zombie hands grab the naga sharpshooter.
Zombie hands grab the naga.
Zombie hands grab the guardian serpent.
Zombie hands grab the naga sharpshooter.
Zombie hands grab the naga warrior.
Zombie hands grab the guardian serpent.
The zombie hands constrict the naga warrior!
The zombie hands constrict the naga.
The zombie hands constrict the guardian serpent!
The zombie hands constrict the naga!
The zombie hands constrict the naga sharpshooter!
The zombie hands constrict the guardian serpent.
The zombie hands constrict the naga sharpshooter!
Your anaconda zombie barely misses the naga. x2
Your black mamba skeleton closely misses the naga.
The guardian serpent gestures with its tail.
The naga warrior hits you with a long sword!
* * * LOW HITPOINT WARNING * * *
You block the naga warrior's attack.
Your naga skeleton closely misses the naga mage.
Your naga skeleton hits the naga but does no damage.
Your naga skeleton grabs the naga.
Your naga skeleton constricts the naga.
Your naga mage zombie hits the naga with a club.
You block the naga mage's attack.
Your naga ritualist zombie hits the naga sharpshooter with a scimitar of venom.
The guardian serpent completely misses you.
The naga sharpshooter gestures wildly while chanting.
The naga sharpshooter magically shoots an arrow.
The arrow hits you!
* * * LOW HITPOINT WARNING * * *
x2 The naga misses you.
The naga completely misses you.
The guardian serpent coils itself and performs some mystic snake dance.
Your anaconda zombie bites the naga but does no damage.
The naga misses you. The naga completely misses you.
Your black mamba skeleton bites the naga.
The guardian serpent hits you!
* * * LOW HITPOINT WARNING * * *
The arrow hits your naga zombie!!
The naga hits your naga skeleton with a mace!
The naga constricts your anaconda zombie.
The naga sharpshooter shoots an arrow.
The arrow barely misses you.
The arrow hits the naga warrior!
Unknown command.
You feel much better.
The zombie hands constrict the naga warrior!
The zombie hands constrict the naga!
The zombie hands constrict the guardian serpent!!
The zombie hands constrict the naga!
The zombie hands constrict the naga sharpshooter!
The zombie hands constrict the guardian serpent!
The zombie hands constrict the naga sharpshooter!
The naga mage closely misses you.
The guardian serpent weaves intricate patterns with the tip of its tongue.
Your black mamba skeleton bites the naga.
Your anaconda zombie barely misses the guardian serpent.
Your anaconda zombie bites the guardian serpent!
Your anaconda zombie bites the naga.
You block the naga warrior's attack. The naga warrior barely misses you.
You block the guardian serpent's attack.
The naga sharpshooter gestures wildly while chanting.
The naga sharpshooter magically shoots an arrow.
The arrow hits you!!
* * * LOW HITPOINT WARNING * * *
You die...

*,,,,*#)..##.#........,* ##...
,,,,,,*#.Z.#...........# ####
,,,,,,,*#ZZZ.#Z.N......# ***
,,,,,,,*#(NZZ#....[....# *,*
,,,,,,*#.N.#(..Z.......# **,**
*,,,,*#.N.##.(.........## **,,,**
**,,*#..N#*#..NZS.......###.....,
,**,....#* ##..NNN.............,,
,,,,...########N@S...<........,,*
,,,,..###...###N#S............,,,
**,,.###......Z.##....##....##***
*,,,*##..........^.####......#
,,,**#...^........### #......##
,,##*#..............###.......#
,*#.##...........###..#...)...#
####.##..........# ###....)...#
#................# ##..))...#


You could see a naga warrior, 2 naga sharpshooters, 3 guardian serpents, a naga
mage, 4 nagas, 2 friendly anaconda zombies, 2 friendly naga zombies, a friendly
naga mage zombie, a friendly naga ritualist zombie, a friendly black mamba
skeleton, 2 friendly naga skeletons and a friendly naga ritualist skeleton.

Vanquished Creatures
  An Ice Fiend (IceCv)
  3 nagarajas (Snake:4)
  Snorg (Lair:4)
  An ettin (Orc:1)
  A fire dragon (Lair:6)
  5 ogre magi
  An ice dragon (Snake:4)
  6 naga warriors
  16 hydras
  2 catoblepae (Lair:6)
  4 anacondas
  17 two-headed ogres
  An alligator (Swamp:3)
  3 death yaks (Lair:6)
  5 shock serpents
  3 naga sharpshooters
  2 spriggans
  2 skeletal warriors (Volcano)
  An unseen horror (D:11)
  8 swamp dragons
  A shambling mangrove (Swamp:3)
  5 naga ritualists (Snake:4)
  3 anaconda skeletons (Volcano)
  4 lindwurms
  A mana viper (Snake:4)
  2 manticores (Lair:6)
  2 ugly things
  2 salamanders
  5 elephants (Lair:6)
  14 black mambas
  A guardian serpent (Snake:4)
  10 naga magi
  A centaur zombie (D:11)
  5 gargoyles (Volcano)
  A torpor snail (Lair:6)
  A centaur skeleton (D:11)
  14 spiny frogs
  4 freezing wraiths (IceCv)
  5 ice devils (IceCv)
  4 komodo dragons
  4 rime drakes (Lair:6)
  4 anaconda simulacra (IceCv)
  A troll (D:11)
  8 hornets
  6 blink frogs
  3 hippogriffs
  2 tyrant leeches
  3 bog bodies
  2 dream sheep (Lair:6)
  3 flying skulls (Volcano)
  2 wyverns
  4 alligator skeletons (Volcano)
  22 yaks
  A vampire (D:11)
  2 steam dragons (Lair:6)
  5 basilisks
  3 fire bats (Lair:4)
  A hungry ghost (D:12)
  10 vampire mosquitoes
  Menkaure (D:7)
  10 insubstantial wisps
  5 harpy simulacra (IceCv)
  3 hydra simulacra (IceCv)
  15 swamp worms
  13 two-headed ogre zombies (Orc:1)
  2 acid dragons (Lair:6)
  23 nagas
  15 water moccasins
  4 porcupines
  An ice beast (D:7)
  A hornet zombie (D:9)
  A phantom (D:4)
  7 swamp drakes
  3 ettin simulacra (IceCv)
  26 ogres
  8 orc warriors
  11 wolves
  16 crocodiles
  A big kobold (D:10)
  3 bullfrogs
  A scorpion (D:8)
  A troll skeleton (Volcano)
  6 killer bees (D:11)
  4 wights (D:6)
  A howler monkey (D:7)
  2 vampire bats (Lair:3)
  2 electric eels
  2 spriggan skeletons (Volcano)
  A crimson imp (D:12)
  2 bullfrog zombies
  2 quasits
  4 draconian simulacra (IceCv)
  2 hounds (D:8)
  7 orc priests
  2 bullfrog skeletons
  3 iguanas (Lair:6)
  6 orc wizards
  4 polar bear simulacra (IceCv)
  4 worker ants
  2 troll simulacra (IceCv)
  A wolf simulacrum (IceCv)
  2 spriggan simulacra (IceCv)
  3 centaur simulacra (IceCv)
  A naga skeleton (Volcano)
  3 gnolls (D:8)
  14 adders
  2 naga simulacra (IceCv)
  An ogre simulacrum (IceCv)
  A white imp (IceCv)
  6 ufetubi (IceCv)
  9 worms (Lair:3)
  A dart slug (D:3)
  A leopard gecko (D:4)
  40 orcs
  6 bats
  2 hobgoblins (D:3)
  3 quokkas
  A ball python (Lair:2)
  8 kobolds
  A briar patch (Swamp:4)
  A bush (Lair:4)
  3 fungi
  8 plants
599 creatures vanquished.

Vanquished Creatures (collateral kills)
  A thorn hunter (Swamp:4)
  4 hydras (Swamp:4)
  3 two-headed ogres
  2 swamp dragons (Swamp:4)
  4 spiny frogs
  A gargoyle (D:11)
  A tyrant leech (Swamp:2)
  A troll (D:10)
  A slime creature (D:12)
  A blink frog (Lair:1)
  A basilisk (D:11)
  3 yaks (D:11)
  A vampire mosquito (Swamp:2)
  3 swamp worms
  An insubstantial wisp (Swamp:4)
  A two-headed ogre zombie (Orc:1)
  A water moccasin (Lair:1)
  A porcupine (Lair:3)
  An orc warrior (Orc:2)
  5 swamp drakes (Swamp:4)
  4 ogres
  A black bear (D:10)
  A phantom (D:9)
  A crocodile (Lair:3)
  2 big kobolds
  3 hounds
  6 orc wizards
  4 orc priests
  An adder (D:7)
  10 orcs
  3 bats (Lair:3)
  6 kobolds
  A fungus (Lair:6)
  A plant (Lair:6)
81 creatures vanquished.

Vanquished Creatures (others)
  A swamp drake (Swamp:4)
  6 fungi
  18 plants
25 creatures vanquished.

Grand Total: 705 creatures vanquished

Notes
Turn   | Place    | Note
-------+----------+-------------------------------------------
     0 | D:1      | tidbits the Gnoll Ice Elementalist began the quest for the Orb.
     0 | D:1      | Reached XP level 1. HP: 13/13 MP: 6/6
    12 | D:2      | Found a sparkling altar of Nemelex Xobeh.
    47 | D:2      | Reached skill level 2 in Conjurations
    48 | D:2      | Reached XP level 2. HP: 19/19 MP: 0/7
   162 | D:3      | Reached XP level 3. HP: 16/25 MP: 1/9
   166 | D:3      | Learned a level 2 spell: Throw Frost
   170 | D:3      | Learned a level 3 spell: Ozocubu's Armour
   226 | D:3      | Reached skill level 5 in Spellcasting
   260 | D:3      | Reached skill level 1 in Invocations
   310 | D:4      | Noticed a phantom
   360 | D:4      | Killed a phantom
   360 | D:4      | Reached skill level 1 in Fighting
   360 | D:4      | Reached skill level 1 in Short Blades
   360 | D:4      | Reached skill level 1 in Long Blades
   360 | D:4      | Reached skill level 1 in Axes
   360 | D:4      | Reached skill level 1 in Maces & Flails
   360 | D:4      | Reached skill level 1 in Polearms
   360 | D:4      | Reached skill level 1 in Staves
   360 | D:4      | Reached skill level 1 in Slings
   360 | D:4      | Reached skill level 1 in Bows
   360 | D:4      | Reached skill level 1 in Crossbows
   360 | D:4      | Reached skill level 1 in Throwing
   360 | D:4      | Reached skill level 1 in Armour
   360 | D:4      | Reached skill level 1 in Shields
   360 | D:4      | Reached skill level 1 in Unarmed Combat
   360 | D:4      | Reached skill level 1 in Hexes
   360 | D:4      | Reached skill level 1 in Charms
   360 | D:4      | Reached skill level 1 in Summonings
   360 | D:4      | Reached skill level 1 in Necromancy
   360 | D:4      | Reached skill level 1 in Translocations
   360 | D:4      | Reached skill level 1 in Transmutations
   360 | D:4      | Reached skill level 1 in Fire Magic
   360 | D:4      | Reached skill level 1 in Air Magic
   360 | D:4      | Reached skill level 1 in Earth Magic
   360 | D:4      | Reached skill level 1 in Poison Magic
   360 | D:4      | Reached skill level 1 in Evocations
   360 | D:4      | Reached XP level 4. HP: 16/32 MP: 7/11
   360 | D:4      | Reached XP level 5. HP: 19/37 MP: 7/12
   366 | D:4      | Learned a level 4 spell: Summon Ice Beast
   375 | D:5      | Entered Level 5 of the Dungeon
   513 | D:5      | Found a staircase to the Ecumenical Temple.
   522 | Temple   | Entered the Ecumenical Temple
   560 | Temple   | Became a worshipper of Cheibriados the Contemplative
   659 | D:4      | Got a pitted dagger
   660 | D:4      | Identified the +8 dagger "Amumoem" {pierce, rElec MP+9} (You found it on level 4 of the Dungeon)
   684 | D:4      | HP: 3/37 [orc priest/divine providence (12)]
   721 | D:5      | Reached XP level 6. HP: 17/44 MP: 13/13
   730 | D:5      | Reached skill level 2 in Invocations
   851 | D:6      | Reached skill level 2 in Fighting
   851 | D:6      | Reached skill level 2 in Short Blades
   851 | D:6      | Reached skill level 2 in Long Blades
   851 | D:6      | Reached skill level 2 in Axes
   851 | D:6      | Reached skill level 2 in Maces & Flails
   851 | D:6      | Reached skill level 2 in Polearms
   851 | D:6      | Reached skill level 2 in Staves
   851 | D:6      | Reached skill level 2 in Slings
   851 | D:6      | Reached skill level 2 in Bows
   851 | D:6      | Reached skill level 2 in Crossbows
   851 | D:6      | Reached skill level 2 in Throwing
   851 | D:6      | Reached skill level 2 in Armour
   851 | D:6      | Reached skill level 5 in Dodging
   851 | D:6      | Reached skill level 2 in Shields
   851 | D:6      | Reached skill level 2 in Unarmed Combat
   851 | D:6      | Reached skill level 2 in Evocations
   909 | D:7      | Noticed a two-headed ogre
   936 | D:6      | Noticed an orc warrior
   952 | D:6      | Killed an orc warrior
   952 | D:6      | Reached XP level 7. HP: 17/50 MP: 8/15
  1018 | D:7      | Noticed Menkaure
  1019 | D:7      | Killed Menkaure
  1019 | D:7      | Reached skill level 3 in Conjurations
  1019 | D:7      | Reached skill level 2 in Hexes
  1019 | D:7      | Reached skill level 2 in Charms
  1019 | D:7      | Reached skill level 2 in Summonings
  1019 | D:7      | Reached skill level 2 in Necromancy
  1019 | D:7      | Reached skill level 2 in Translocations
  1019 | D:7      | Reached skill level 2 in Transmutations
  1019 | D:7      | Reached skill level 2 in Fire Magic
  1019 | D:7      | Reached skill level 2 in Air Magic
  1019 | D:7      | Reached skill level 2 in Earth Magic
  1019 | D:7      | Reached skill level 2 in Poison Magic
  1067 | D:7      | Reached * piety under Cheibriados
  1073 | D:7      | Reached skill level 5 in Stealth
  1073 | D:7      | Reached skill level 3 in Invocations
  1075 | D:7      | Reached skill level 6 in Ice Magic
  1075 | D:7      | Reached XP level 8. HP: 20/57 MP: 4/16
  1228 | D:9      | Reached skill level 3 in Fighting
  1228 | D:9      | Reached skill level 3 in Short Blades
  1228 | D:9      | Reached skill level 3 in Long Blades
  1228 | D:9      | Reached skill level 3 in Axes
  1228 | D:9      | Reached skill level 3 in Maces & Flails
  1228 | D:9      | Reached skill level 3 in Polearms
  1228 | D:9      | Reached skill level 3 in Staves
  1228 | D:9      | Reached skill level 3 in Slings
  1228 | D:9      | Reached skill level 3 in Bows
  1228 | D:9      | Reached skill level 3 in Crossbows
  1228 | D:9      | Reached skill level 3 in Throwing
  1228 | D:9      | Reached skill level 3 in Armour
  1228 | D:9      | Reached skill level 3 in Shields
  1228 | D:9      | Reached skill level 3 in Unarmed Combat
  1228 | D:9      | Reached skill level 3 in Evocations
  1272 | D:8      | Reached skill level 6 in Spellcasting
  1355 | D:9      | Noticed a two-headed ogre
  1358 | D:9      | Reached ** piety under Cheibriados
  1365 | D:9      | Killed a two-headed ogre
  1365 | D:9      | Reached skill level 6 in Dodging
  1365 | D:9      | Reached skill level 3 in Hexes
  1365 | D:9      | Reached skill level 3 in Charms
  1365 | D:9      | Reached skill level 3 in Summonings
  1365 | D:9      | Reached skill level 3 in Necromancy
  1365 | D:9      | Reached skill level 3 in Translocations
  1365 | D:9      | Reached skill level 3 in Transmutations
  1365 | D:9      | Reached skill level 3 in Fire Magic
  1365 | D:9      | Reached skill level 3 in Air Magic
  1365 | D:9      | Reached skill level 3 in Earth Magic
  1365 | D:9      | Reached skill level 3 in Poison Magic
  1365 | D:9      | Reached skill level 4 in Invocations
  1365 | D:9      | Reached XP level 9. HP: 50/65 MP: 18/18
  1368 | D:9      | Noticed a two-headed ogre
  1379 | D:9      | Killed a two-headed ogre
  1379 | D:9      | Reached skill level 4 in Fighting
  1379 | D:9      | Reached skill level 4 in Short Blades
  1379 | D:9      | Reached skill level 4 in Long Blades
  1379 | D:9      | Reached skill level 4 in Axes
  1379 | D:9      | Reached skill level 4 in Maces & Flails
  1379 | D:9      | Reached skill level 4 in Polearms
  1379 | D:9      | Reached skill level 4 in Staves
  1379 | D:9      | Reached skill level 4 in Slings
  1379 | D:9      | Reached skill level 4 in Bows
  1379 | D:9      | Reached skill level 4 in Crossbows
  1379 | D:9      | Reached skill level 4 in Throwing
  1379 | D:9      | Reached skill level 4 in Armour
  1379 | D:9      | Reached skill level 6 in Stealth
  1379 | D:9      | Reached skill level 4 in Shields
  1379 | D:9      | Reached skill level 4 in Unarmed Combat
  1379 | D:9      | Reached skill level 4 in Conjurations
  1379 | D:9      | Reached skill level 4 in Evocations
  1442 | D:10     | Entered Level 10 of the Dungeon
  1502 | D:10     | Noticed a troll
  1516 | D:10     | Killed a troll
  1544 | D:10     | Noticed a two-headed ogre
  1561 | D:10     | Noticed a purple ugly thing
  1571 | D:10     | Killed a purple ugly thing
  1571 | D:10     | Reached skill level 5 in Invocations
  1637 | D:10     | Reached XP level 10. HP: 71/73 MP: 20/20
  1653 | D:10     | Reached skill level 7 in Spellcasting
  1719 | D:10     | Killed a two-headed ogre
  1719 | D:10     | Reached *** piety under Cheibriados
  1719 | D:10     | Reached skill level 4 in Hexes
  1719 | D:10     | Reached skill level 4 in Charms
  1719 | D:10     | Reached skill level 4 in Summonings
  1719 | D:10     | Reached skill level 4 in Necromancy
  1719 | D:10     | Reached skill level 4 in Translocations
  1719 | D:10     | Reached skill level 4 in Transmutations
  1719 | D:10     | Reached skill level 4 in Fire Magic
  1719 | D:10     | Reached skill level 4 in Air Magic
  1719 | D:10     | Reached skill level 4 in Earth Magic
  1719 | D:10     | Reached skill level 4 in Poison Magic
  1763 | D:11     | Reached skill level 5 in Fighting
  1763 | D:11     | Reached skill level 5 in Short Blades
  1763 | D:11     | Reached skill level 5 in Long Blades
  1763 | D:11     | Reached skill level 5 in Axes
  1763 | D:11     | Reached skill level 5 in Maces & Flails
  1763 | D:11     | Reached skill level 5 in Polearms
  1763 | D:11     | Reached skill level 5 in Staves
  1763 | D:11     | Reached skill level 5 in Slings
  1763 | D:11     | Reached skill level 5 in Bows
  1763 | D:11     | Reached skill level 5 in Crossbows
  1763 | D:11     | Reached skill level 5 in Throwing
  1763 | D:11     | Reached skill level 5 in Armour
  1763 | D:11     | Reached skill level 5 in Shields
  1763 | D:11     | Reached skill level 5 in Unarmed Combat
  1763 | D:11     | Reached skill level 5 in Evocations
  1849 | D:10     | Noticed a two-headed ogre
  1854 | D:10     | Killed a two-headed ogre
  1854 | D:10     | Reached skill level 7 in Dodging
  1854 | D:10     | Reached skill level 7 in Ice Magic
  1929 | D:11     | Found a staircase to the Orcish Mines.
  1977 | D:11     | Reached skill level 5 in Conjurations
  2004 | D:11     | Killed an unseen horror
  2004 | D:11     | Reached **** piety under Cheibriados
  2004 | D:11     | Reached skill level 7 in Stealth
  2004 | D:11     | Reached skill level 6 in Invocations
  2016 | D:11     | Found a roughly hewn altar of Beogh.
  2034 | Orc:1    | Entered Level 1 of the Orcish Mines
  2197 | Orc:1    | Reached XP level 11. HP: 55/81 MP: 22/22
  2226 | Orc:1    | Noticed an ettin
  2230 | Orc:1    | Killed an ettin
  2237 | Orc:1    | Reached skill level 6 in Fighting
  2237 | Orc:1    | Reached skill level 6 in Short Blades
  2237 | Orc:1    | Reached skill level 6 in Long Blades
  2237 | Orc:1    | Reached skill level 6 in Axes
  2237 | Orc:1    | Reached skill level 6 in Maces & Flails
  2237 | Orc:1    | Reached skill level 6 in Polearms
  2237 | Orc:1    | Reached skill level 6 in Staves
  2237 | Orc:1    | Reached skill level 6 in Slings
  2237 | Orc:1    | Reached skill level 6 in Bows
  2237 | Orc:1    | Reached skill level 6 in Crossbows
  2237 | Orc:1    | Reached skill level 6 in Throwing
  2237 | Orc:1    | Reached skill level 6 in Armour
  2237 | Orc:1    | Reached skill level 6 in Shields
  2237 | Orc:1    | Reached skill level 6 in Unarmed Combat
  2237 | Orc:1    | Reached skill level 6 in Evocations
  2248 | Orc:1    | Noticed an ogre mage
  2277 | Orc:1    | Reached skill level 5 in Hexes
  2277 | Orc:1    | Reached skill level 5 in Charms
  2277 | Orc:1    | Reached skill level 5 in Summonings
  2277 | Orc:1    | Reached skill level 5 in Necromancy
  2277 | Orc:1    | Reached skill level 5 in Translocations
  2277 | Orc:1    | Reached skill level 5 in Transmutations
  2277 | Orc:1    | Reached skill level 5 in Fire Magic
  2277 | Orc:1    | Reached skill level 5 in Air Magic
  2277 | Orc:1    | Reached skill level 5 in Earth Magic
  2277 | Orc:1    | Reached skill level 5 in Poison Magic
  2314 | Orc:1    | Killed an ogre mage
  2314 | Orc:1    | Reached ***** piety under Cheibriados
  2314 | Orc:1    | Reached skill level 8 in Spellcasting
  2368 | Orc:2    | Entered Level 2 of the Orcish Mines
  2415 | Orc:2    | Found a staircase to the Elven Halls.
  2735 | Orc:2    | Noticed a two-headed ogre
  2749 | Orc:2    | Noticed a two-headed ogre
  2749 | Orc:2    | Noticed a two-headed ogre
  2749 | Orc:2    | Noticed a two-headed ogre
  2749 | Orc:2    | Noticed a two-headed ogre
  2750 | Orc:2    | Noticed an ogre mage
  2750 | Orc:2    | Noticed an ogre mage
  2751 | Orc:2    | Noticed a two-headed ogre
  2751 | Orc:2    | Noticed a two-headed ogre
  2751 | Orc:2    | Noticed a two-headed ogre
  2753 | Orc:2    | Reached skill level 7 in Invocations
  2754 | Orc:2    | Killed a two-headed ogre
  2754 | Orc:2    | Reached skill level 8 in Dodging
  2754 | Orc:2    | Killed a two-headed ogre
  2754 | Orc:2    | Killed a two-headed ogre
  2754 | Orc:2    | Reached skill level 6 in Conjurations
  2754 | Orc:2    | Killed a two-headed ogre
  2754 | Orc:2    | Reached skill level 8 in Stealth
  2754 | Orc:2    | Reached XP level 12. HP: 77/89 MP: 10/24
  2754 | Orc:2    | Killed an ogre mage
  2754 | Orc:2    | Reached skill level 8 in Ice Magic
  2754 | Orc:2    | Killed an ogre mage
  2755 | Orc:2    | Killed a two-headed ogre
  2755 | Orc:2    | Reached skill level 7 in Fighting
  2755 | Orc:2    | Reached skill level 7 in Short Blades
  2755 | Orc:2    | Reached skill level 7 in Long Blades
  2755 | Orc:2    | Reached skill level 7 in Axes
  2755 | Orc:2    | Reached skill level 7 in Maces & Flails
  2755 | Orc:2    | Reached skill level 7 in Polearms
  2755 | Orc:2    | Reached skill level 7 in Staves
  2755 | Orc:2    | Reached skill level 7 in Slings
  2755 | Orc:2    | Reached skill level 7 in Bows
  2755 | Orc:2    | Reached skill level 7 in Crossbows
  2755 | Orc:2    | Reached skill level 7 in Throwing
  2755 | Orc:2    | Reached skill level 7 in Armour
  2755 | Orc:2    | Reached skill level 7 in Shields
  2755 | Orc:2    | Reached skill level 7 in Unarmed Combat
  2755 | Orc:2    | Reached skill level 7 in Evocations
  2755 | Orc:2    | Killed a two-headed ogre
  2756 | Orc:2    | Noticed an ogre mage
  2758 | Orc:2    | Noticed an ogre mage
  2759 | Orc:2    | Noticed a two-headed ogre
  2760 | Orc:2    | Noticed a two-headed ogre
  2762 | Orc:2    | Killed an ogre mage
  2763 | Orc:2    | Noticed a two-headed ogre
  2763 | Orc:2    | Noticed a two-headed ogre
  2764 | Orc:2    | Noticed a two-headed ogre
  2764 | Orc:2    | Killed an ogre mage
  2765 | Orc:2    | Killed a two-headed ogre
  2765 | Orc:2    | Reached skill level 6 in Hexes
  2765 | Orc:2    | Reached skill level 6 in Charms
  2765 | Orc:2    | Reached skill level 6 in Summonings
  2765 | Orc:2    | Reached skill level 6 in Necromancy
  2765 | Orc:2    | Reached skill level 6 in Translocations
  2765 | Orc:2    | Reached skill level 6 in Transmutations
  2765 | Orc:2    | Reached skill level 6 in Fire Magic
  2765 | Orc:2    | Reached skill level 6 in Air Magic
  2765 | Orc:2    | Reached skill level 6 in Earth Magic
  2765 | Orc:2    | Reached skill level 6 in Poison Magic
  2766 | Orc:2    | Noticed a two-headed ogre
  2767 | Orc:2    | Killed a two-headed ogre
  2767 | Orc:2    | Reached skill level 8 in Invocations
  2767 | Orc:2    | Killed a two-headed ogre
  2767 | Orc:2    | Reached skill level 9 in Spellcasting
  2769 | Orc:2    | Killed a two-headed ogre
  2770 | Orc:2    | Noticed a two-headed ogre
  2773 | Orc:2    | Killed a two-headed ogre
  2774 | Orc:2    | Killed a two-headed ogre
  2775 | Orc:2    | Killed a two-headed ogre
  2775 | Orc:2    | Reached skill level 9 in Dodging
  2776 | Orc:2    | Noticed a two-headed ogre
  2776 | Orc:2    | Killed a two-headed ogre
  2776 | Orc:2    | Reached XP level 13. HP: 67/98 MP: 21/26
  2789 | Orc:2    | Reached skill level 9 in Stealth
  2796 | Orc:2    | Found Qycukk's Assorted Antiques.
  2796 | Orc:2    | Found Becrozin's Jewellery Shoppe.
  2799 | Orc:2    | Found Berhoc's General Store.
  2799 | Orc:2    | Found Gutt's Book Emporium.
  2811 | Orc:2    | Bought a scroll of acquirement for 624 gold pieces
  2813 | Orc:2    | Bought a potion of curing for 36 gold pieces
  2815 | Orc:2    | Bought a golden potion for 31 gold pieces
  2816 | Orc:2    | Bought a book of Unlife for 845 gold pieces
  2822 | Orc:2    | Learned a level 5 spell: Borgnjor's Vile Clutch
  2827 | Orc:2    | Learned a level 4 spell: Animate Dead
  2986 | D:11     | Reached skill level 7 in Conjurations
  2991 | D:11     | Reached skill level 8 in Fighting
  2991 | D:11     | Reached skill level 8 in Short Blades
  2991 | D:11     | Reached skill level 8 in Long Blades
  2991 | D:11     | Reached skill level 8 in Axes
  2991 | D:11     | Reached skill level 8 in Maces & Flails
  2991 | D:11     | Reached skill level 8 in Polearms
  2991 | D:11     | Reached skill level 8 in Staves
  2991 | D:11     | Reached skill level 8 in Slings
  2991 | D:11     | Reached skill level 8 in Bows
  2991 | D:11     | Reached skill level 8 in Crossbows
  2991 | D:11     | Reached skill level 8 in Throwing
  2991 | D:11     | Reached skill level 8 in Armour
  2991 | D:11     | Reached skill level 8 in Shields
  2991 | D:11     | Reached skill level 8 in Unarmed Combat
  2991 | D:11     | Reached skill level 8 in Evocations
  3211 | D:11     | Found a staircase to the Lair.
  3261 | Lair:1   | Entered Level 1 of the Lair of Beasts
  3296 | Lair:1   | Got a steaming robe
  3397 | Lair:1   | Reached skill level 9 in Invocations
  3595 | Lair:2   | Found a staircase to the Snake Pit.
  3624 | Lair:2   | Reached ****** piety under Cheibriados
  3669 | Lair:3   | Reached skill level 7 in Hexes
  3669 | Lair:3   | Reached skill level 7 in Charms
  3669 | Lair:3   | Reached skill level 7 in Summonings
  3669 | Lair:3   | Reached skill level 7 in Necromancy
  3669 | Lair:3   | Reached skill level 7 in Translocations
  3669 | Lair:3   | Reached skill level 7 in Transmutations
  3669 | Lair:3   | Reached skill level 7 in Fire Magic
  3669 | Lair:3   | Reached skill level 9 in Ice Magic
  3669 | Lair:3   | Reached skill level 7 in Air Magic
  3669 | Lair:3   | Reached skill level 7 in Earth Magic
  3669 | Lair:3   | Reached skill level 7 in Poison Magic
  3810 | Lair:4   | Noticed Snorg
  3824 | Lair:4   | Killed Snorg
  3933 | Lair:4   | Found a dark tunnel.
  3945 | Volcano  | Entered a volcano
  3990 | Volcano  | Reached skill level 10 in Spellcasting
  4015 | Volcano  | Reached XP level 14. HP: 39/106 MP: 24/28
  4342 | Lair:5   | Reached skill level 10 in Dodging
  4360 | Lair:6   | Entered Level 6 of the Lair of Beasts
  4449 | Lair:5   | Got a coiled amethyst amulet
  4489 | Lair:6   | Identified the amulet of Reitiur {Harm *Drain Slay+5} (You found it on level 5 of the Lair of Beasts)
  4513 | Lair:6   | Reached skill level 9 in Fighting
  4513 | Lair:6   | Reached skill level 9 in Short Blades
  4513 | Lair:6   | Reached skill level 9 in Long Blades
  4513 | Lair:6   | Reached skill level 9 in Axes
  4513 | Lair:6   | Reached skill level 9 in Maces & Flails
  4513 | Lair:6   | Reached skill level 9 in Polearms
  4513 | Lair:6   | Reached skill level 9 in Staves
  4513 | Lair:6   | Reached skill level 9 in Slings
  4513 | Lair:6   | Reached skill level 9 in Bows
  4513 | Lair:6   | Reached skill level 9 in Crossbows
  4513 | Lair:6   | Reached skill level 9 in Throwing
  4513 | Lair:6   | Reached skill level 9 in Armour
  4513 | Lair:6   | Reached skill level 9 in Shields
  4513 | Lair:6   | Reached skill level 9 in Unarmed Combat
  4513 | Lair:6   | Reached skill level 9 in Evocations
  4589 | Lair:6   | Reached skill level 10 in Stealth
  4788 | Lair:6   | Reached skill level 8 in Conjurations
  4789 | Lair:6   | Reached skill level 10 in Invocations
  5159 | Lair:3   | Reached skill level 8 in Hexes
  5159 | Lair:3   | Reached skill level 8 in Charms
  5159 | Lair:3   | Reached skill level 8 in Summonings
  5159 | Lair:3   | Reached skill level 8 in Necromancy
  5159 | Lair:3   | Reached skill level 8 in Translocations
  5159 | Lair:3   | Reached skill level 8 in Transmutations
  5159 | Lair:3   | Reached skill level 8 in Fire Magic
  5159 | Lair:3   | Reached skill level 8 in Air Magic
  5159 | Lair:3   | Reached skill level 8 in Earth Magic
  5159 | Lair:3   | Reached skill level 8 in Poison Magic
  5203 | Lair:3   | Reached XP level 15. HP: 114/114 MP: 26/29
  5468 | Lair:2   | Found a staircase to the Swamp.
  5488 | Swamp:1  | Entered Level 1 of the Swamp
  5862 | Swamp:3  | Reached skill level 11 in Spellcasting
  5867 | Swamp:3  | Reached skill level 10 in Ice Magic
  5914 | Swamp:4  | Entered Level 4 of the Swamp
  5971 | Swamp:4  | Reached skill level 10 in Fighting
  5971 | Swamp:4  | Reached skill level 10 in Short Blades
  5971 | Swamp:4  | Reached skill level 10 in Long Blades
  5971 | Swamp:4  | Reached skill level 10 in Axes
  5971 | Swamp:4  | Reached skill level 10 in Maces & Flails
  5971 | Swamp:4  | Reached skill level 10 in Polearms
  5971 | Swamp:4  | Reached skill level 10 in Staves
  5971 | Swamp:4  | Reached skill level 10 in Slings
  5971 | Swamp:4  | Reached skill level 10 in Bows
  5971 | Swamp:4  | Reached skill level 10 in Crossbows
  5971 | Swamp:4  | Reached skill level 10 in Throwing
  5971 | Swamp:4  | Reached skill level 10 in Armour
  5971 | Swamp:4  | Reached skill level 10 in Shields
  5971 | Swamp:4  | Reached skill level 10 in Unarmed Combat
  5971 | Swamp:4  | Reached skill level 10 in Evocations
  5981 | Swamp:4  | Reached skill level 11 in Dodging
  5985 | Swamp:4  | Noticed a thorn hunter
  5989 | Swamp:4  | Killed a thorn hunter
  5993 | Swamp:4  | Reached skill level 11 in Invocations
  6015 | Swamp:4  | Reached skill level 11 in Stealth
  6066 | Swamp:4  | Got a decaying rune of Zot
  6141 | Swamp:1  | Reached skill level 9 in Conjurations
  6236 | Snake:1  | Entered Level 1 of the Snake Pit
  6320 | Snake:2  | Found Zuageucw's Jewellery Boutique.
  6325 | Snake:2  | Found Giefaz's Armour Boutique.
  6325 | Snake:2  | Found Weloa's Assorted Antiques.
  6327 | Snake:2  | Found Qazej's Food Boutique.
  6333 | Snake:2  | Bought a scroll labeled IXIOCA OSIOQUT for 32 gold pieces
  6347 | Snake:2  | Bought an uncursed amulet of magic regeneration for 540 gold pieces
  6347 | Snake:2  | Bought the ring of Ujaakul {rPois rN+} for 561 gold pieces
  6365 | Snake:3  | Reached XP level 16. HP: 122/122 MP: 31/31
  6438 | Snake:4  | Entered Level 4 of the Snake Pit
  6454 | Snake:4  | Found a frozen archway.
  6478 | IceCv    | Entered an ice cave
  6521 | IceCv    | Got a pair of brightly glowing gloves
  6548 | IceCv    | Identified the +1 pair of gloves of Death's Door {MP+9} (You found it in an ice cave)
  6753 | IceCv    | Noticed an Ice Fiend
  6762 | IceCv    | Killed an Ice Fiend
  6763 | IceCv    | Reached skill level 9 in Hexes
  6763 | IceCv    | Reached skill level 9 in Charms
  6763 | IceCv    | Reached skill level 9 in Summonings
  6763 | IceCv    | Reached skill level 9 in Necromancy
  6763 | IceCv    | Reached skill level 9 in Translocations
  6763 | IceCv    | Reached skill level 9 in Transmutations
  6763 | IceCv    | Reached skill level 9 in Fire Magic
  6763 | IceCv    | Reached skill level 9 in Air Magic
  6763 | IceCv    | Reached skill level 9 in Earth Magic
  6763 | IceCv    | Reached skill level 9 in Poison Magic
  6786 | IceCv    | Got a pair of brightly glowing gloves
  6797 | IceCv    | Identified the +1 pair of gloves "Wureruad" {*Drain Str+6} (You found it in an ice cave)
  6810 | IceCv    | Got a pair of scorched gloves
  6851 | IceCv    | Identified the +2 pair of gloves of the Carpenter {Dex+7} (You found it in an ice cave)
  7082 | Snake:4  | Noticed a nagaraja
  7086 | Snake:4  | Noticed a nagaraja
  7086 | Snake:4  | Killed a nagaraja
  7094 | Snake:4  | Noticed Vashnia
  7134 | Snake:4  | Noticed a nagaraja
  7145 | Snake:4  | Killed a nagaraja
  7177 | Snake:4  | HP: 12/124 [nagaraja/enchanted spear (9)]
  7191 | Snake:4  | Noticed a nagaraja
  7202 | Snake:4  | Killed a nagaraja
  7211 | Snake:4  | HP: 10/124 [guardian serpent (14)]
  7212 | Snake:4  | Shot with an arrow by a naga sharpshooter

Skill      XL: |  1  2  3  4  5  6  7  8  9 10 11 12 13 14 15 16 |
---------------+-------------------------------------------------+-----
Conjurations   | 2 3 4 5 6 7 8 9 |  9.5
Spellcasting   | 5 6 7 8 9 10 11 | 11.9
Invocations    | 1 2 3 4 5 6 7 8 9 10 11 | 11.8
Fighting       | 1 2 3 4 5 6 7 8 9 10 | 10.9
Short Blades   | 1 2 3 4 5 6 7 8 9 10 | 10.9
Long Blades    | 1 2 3 4 5 6 7 8 9 10 | 10.9
Axes           | 1 2 3 4 5 6 7 8 9 10 | 10.9
Maces & Flails | 1 2 3 4 5 6 7 8 9 10 | 10.9
Polearms       | 1 2 3 4 5 6 7 8 9 10 | 10.9
Staves         | 1 2 3 4 5 6 7 8 9 10 | 10.9
Slings         | 1 2 3 4 5 6 7 8 9 10 | 10.9
Bows           | 1 2 3 4 5 6 7 8 9 10 | 10.9
Crossbows      | 1 2 3 4 5 6 7 8 9 10 | 10.9
Throwing       | 1 2 3 4 5 6 7 8 9 10 | 10.9
Armour         | 1 2 3 4 5 6 7 8 9 10 | 10.9
Shields        | 1 2 3 4 5 6 7 8 9 10 | 10.9
Unarmed Combat | 1 2 3 4 5 6 7 8 9 10 | 10.9
Hexes          | 1 2 3 4 5 6 7 8 9 |  9.3
Charms         | 1 2 3 4 5 6 7 8 9 |  9.3
Summonings     | 1 2 3 4 5 6 7 8 9 |  9.3
Necromancy     | 1 2 3 4 5 6 7 8 9 |  9.3
Translocations | 1 2 3 4 5 6 7 8 9 |  9.3
Transmutations | 1 2 3 4 5 6 7 8 9 |  9.3
Fire Magic     | 1 2 3 4 5 6 7 8 9 |  9.3
Air Magic      | 1 2 3 4 5 6 7 8 9 |  9.3
Earth Magic    | 1 2 3 4 5 6 7 8 9 |  9.3
Poison Magic   | 1 2 3 4 5 6 7 8 9 |  9.3
Evocations     | 1 2 3 4 5 6 7 8 9 10 | 10.9
Dodging        | 5 6 7 8 9 10 11 | 11.7
Stealth        | 5 6 7 8 9 10 11 | 11.6
Ice Magic      | 6 7 8 9 10 | 10.7

Action                   |  1- 3 |  4- 6 |  7- 9 | 10-12 | 13-15 | 16-18 || total
-------------------------+-------+-------+-------+-------+-------+-------++-------
Melee: War axe           |    24 |    50 |    21 |    49 |    97 |       ||   241
       Falchion          |     3 |       |       |       |       |       ||     3
       Unarmed           |     3 |       |       |       |       |       ||     3
       Bite              |     2 |     7 |    16 |    69 |   117 |    32 ||   243
       Short sword       |     3 |       |       |       |    20 |       ||    23
       Dagger            |       |    23 |    86 |    86 |   126 |    16 ||   337
       Punch             |       |       |     1 |     8 |    26 |       ||    35
       Dire flail        |       |       |       |   142 |       |       ||   142
       Broad axe         |       |       |       |       |   178 |   125 ||   303
       Staff             |       |       |       |       |     2 |       ||     2
 Fire: Blowgun           |       |       |       |       |     2 |       ||     2
Throw: Stone             |     1 |       |       |       |       |       ||     1
       Javelin           |       |       |    12 |    12 |    40 |    17 ||    81
       Throwing net      |       |       |       |       |     1 |       ||     1
       Tomahawk          |       |       |       |       |    10 |       ||    10
 Cast: Freeze            |    24 |     2 |       |       |     2 |       ||    28
       Ozocubu's Armour  |     2 |     7 |     9 |    18 |    55 |     9 ||   100
       Summon Ice Beast  |       |     6 |     9 |    18 |     9 |       ||    42
       Borgnjor's Vile C |       |       |       |       |    85 |    39 ||   124
       Animate Dead      |       |       |       |       |    13 |     1 ||    14
Invok: Slouch            |       |       |       |     5 |    13 |     7 ||    25
Evoke: Wand              |       |       |     4 |     7 |     8 |     6 ||    25
  Use: Potion            |       |     2 |     1 |     4 |     5 |     7 ||    19
       Scroll            |       |     1 |     4 |     5 |     9 |     4 ||    23
 Stab: Sleeping          |     4 |     1 |     6 |     7 |    25 |     6 ||    49
       Distracted        |       |     1 |     2 |     2 |     4 |       ||     9
       Invisible         |       |       |       |     6 |       |       ||     6
       Held in net/web   |       |       |       |       |     1 |       ||     1
       Petrified         |       |       |       |       |     6 |       ||     6
  Eat: Ration            |       |     1 |       |     1 |     2 |     1 ||     5
       Chunk             |       |       |     1 |     1 |     5 |       ||     7
Armor: Robe              |     4 |       |       |       |       |       ||     4
       Steam dragon scal |     8 |    35 |    48 |     1 |       |       ||    92
       Troll leather arm |       |       |       |   106 |   194 |    41 ||   341
       Ice dragon scales |       |       |       |       |       |    23 ||    23
Dodge: Dodged            |    23 |    63 |   110 |   252 |   763 |   221 ||  1432
Block: Buckler           |       |       |       |       |    24 |   113 ||   137
       Rpst.: Falchion   |     3 |       |       |       |       |       ||     3

Table legend:
 A = Turns spent in this place as a percentage of turns spent in the entire game.
 B = Non-inter-level travel turns spent in this place as a percentage of non-inter-level travel turns spent in the entire game.
 C = Inter-level travel turns spent in this place as a percentage of turns spent in this place.
 D = Turns resting spent in this place as a percentage of non-inter-level travel turns spent in this place.
 E = Turns spent auto-exploring this place as a percentage of non-inter-level travel turns spent in this place.
 F = Non-inter-level travel turns spent in this place divided by the number of levels of this place that you've seen.
                   A       B       C       D       E      F
               +-------+-------+-------+-------+-------+----------------------
         Total | 100.0 | 100.0 |   0.9 |   0.0 |   0.0 | 230.6
       Dungeon |  32.5 |  32.4 |   1.2 |   0.0 |   0.0 | 193.0
        Temple |   0.7 |   0.6 |  23.1 |   0.0 |   0.0 |  40.0
          Lair |  27.4 |  27.7 |   0.0 |   0.0 |   0.0 | 329.8
         Swamp |   9.8 |   9.6 |   3.4 |   0.0 |   0.0 | 170.8
     Snake Pit |   7.3 |   7.3 |   0.0 |   0.0 |   0.0 | 131.0
  Orcish Mines |  12.0 |  12.1 |   0.1 |   0.0 |   0.0 | 432.5
      Ice Cave |   6.3 |   6.3 |   0.0 |   0.0 |   0.0 | 452.0
       Volcano |   4.0 |   4.0 |   0.0 |   0.0 |   0.0 | 289.0
               +-------+-------+-------+-------+-------+----------------------

Table legend:
 A = Kills in this place as a percentage of kills in entire the game.
 B = Kills by you in this place as a percentage of kills by you in the entire game.
 C = Kills by friends in this place as a percentage of kills by friends in the entire game.
 D = Other kills in this place as a percentage of other kills in the entire game.
 E = Experience gained in this place as a percentage of experience gained in the entire game.
 F = Experience gained in this place divided by the number of levels of this place that you have seen.
                   A       B       C       D       E      F
               +-------+-------+-------+-------+-------+----------------------
         Total | 100.0 | 100.0 | 100.0 | 100.0 | 100.0 | 5641.6
       Dungeon |  24.9 |  22.4 |  44.3 |   0.0 |   8.5 | 1232.9
          Lair |  26.6 |  28.5 |  12.7 |   0.0 |  23.9 | 6973.2
         Swamp |  13.4 |  11.8 |  24.1 | 100.0 |  21.0 | 9166.0
     Snake Pit |  10.5 |  11.9 |   0.0 |   0.0 |  22.4 | 9776.8
  Orcish Mines |  13.8 |  13.1 |  19.0 |   0.0 |  14.9 | 13026.0
      Ice Cave |   7.7 |   8.7 |   0.0 |   0.0 |   5.4 | 9433.0
       Volcano |   3.2 |   3.6 |   0.0 |   0.0 |   4.0 | 6999.0
               +-------+-------+-------+-------+-------+----------------------

Vault maps used:
D:1:      scummos_arrival_hexagon
D:2:      overflow_temple_1_default, kennysheep_cross_bottleneck, uniq_natasha
D:3:      serial_glass, glass_columns_a, glass_columns_b
D:4:      serial_shops, shop, first_ration
D:5:      minmay_temple_entry_poolview, portal_sewer_entry_b
D:6:      serial_shops, kennysheep_mini, uniq_pikel
D:7:      uniq_crazy_yiuf_cottage, uniq_menkaure, uniq_joseph
D:8:      the_bakery
D:9:      uniq_prince_ribbit1
D:10:     okawaru_humans
D:11:     david_lair_generic, minmay_orc_entry_temple_small, enter_trove_1
D:12:     uniq_frances, uniq_kirke, uniq_rupert
Temple:   nicolae_temple_the_god_donut
Lair:2:   statuecave_lemuel, nicolae_swamp_entry_splash_gauntlet,
          minmay_snake_entry_six_corridors, uniq_erica
Lair:3:   roderic_batcave, worms_lemuel
Lair:4:   nicolae_volcano_entry_batcave, grunt_megastairs_3, uniq_snorg
Lair:5:   grunt_megastairs_5
Lair:6:   hangedman_lair_in_review, guppyfry_lair_end_dragon, slime_altar_2,
          lemuel_fruit_fields, lemuel_fruit_tree
Swamp:1:  evilmike_swamp_ruin_wall, swamp_pool3
Swamp:2:  evilmike_swamp_ruin_rubble_1, infiniplex_staircase_pool_2
Swamp:3:  serial_swamp_ruin, evilmike_swamp_ruin_house_3,
          evilmike_swamp_ruin_rubble_2, hangedman_swamp_ruin_hall
Swamp:4:  swamp_alternative
Snake:2:  serial_shops, nicolae_shop_overgrown_old_shop,
          minmay_shop_grid_forest, serial_bayou_pond_a, serial_bayou_pond_e,
          uniq_aizul
Snake:3:  serial_bayou_ford_a, spider_trap
Snake:4:  johnstein_snake_rune_scales, portal_ice_cave_entry_dragon,
          uniq_vashnia, uniq_louise, uniq_asterion
Orc:1:    lemuel_ogre_cave
Orc:2:    st_orc_ogre_mass
IceCv:    ice_cave_caverns_03
Volcano:  volcano_tomb
